 Dungeon Crawl Stone Soup version 0.30-a0-439-g9e77e4d916 (webtiles) character file.

Game seed: 5969525554522750117

14716 AigisTheKnight the Fighter (level 11, -4/87 HPs)
             Began as a Demonspawn Fire Elementalist on Dec 10, 2022.
             Was an Initiate of Gozag.
             Slain by a komodo dragon (28 damage)
             ... on level 11 of the Dungeon.
             The game lasted 00:52:54 (16715 turns).

AigisTheKnight the Fighter (DsFE)                  Turns: 16715, Time: 00:52:55

Health: -4/87      AC: 12    Str: 11    XL:     11   Next: 92%
Magic:  12/23      EV: 15    Int: 22    God:    Gozag
Gold:   1101       SH:  9    Dex: 15    Spells: 20/26 levels left

rFire   . . .      SeeInvis .    R - +2 broad axe (freeze)
rCold   . . .      Faith    .    y - +0 buckler
rNeg    . . .      Spirit   .    k - +3 leather armour of Beogh, Ageing {Slay+2}
rPois   .          Reflect  .    Q - +0 helmet
rElec   .          Harm     .    S - scarf {repulsion}
rCorr   .          Rampage  .    g - +0 pair of gloves {Str+3}
Will    .....                    d - +2 pair of boots
Stlth   +++.......               O - amulet of magic regeneration
HPRegen 0.34/turn                x - ring of wizardry
MPRegen 0.58/turn                (no ring)

@: gold aura, repel missiles
A: hooves 2, big brain 1, condensation shield, demonic magic 2
a: Renounce Religion, Potion Petition, Call Merchant, Bribe Branch


You were on level 11 of the Dungeon.
You worshipped Gozag.
Gozag was most pleased with you.
You visited 3 branches of the dungeon, and saw 13 of its levels.
You also visited: Ossuary and Bailey.

You collected 2548 gold pieces.
You spent 1343 gold pieces at shops.
You paid 104 gold pieces to Gozag.

Inventory:

Hand Weapons
 c - the +3 battleaxe of the Sky {pain, Will++ Str+4}
   (You found it on level 10 of the Dungeon)

   In the hands of one skilled in necromantic magic, it inflicts extra damage on
   living creatures.
   Str:       It affects your strength (+4).
   Will:      It greatly increases your willpower.
 f - a +2 halberd of venom
 R - a +2 broad axe of freezing (weapon)
 Y - the +7 long sword of Sul Ughu {antimagic, rF+ Int+3 SInv}
   (You found it on level 7 of the Dungeon)

   It reduces the magical energy of the wielder, and disrupts the spells and
   magical abilities of those it strikes.
   Natural abilities and divine invocations are not affected.
   Int:       It affects your intelligence (+3).
   rF:        It protects you from fire.
   SInv:      It lets you see invisible.
Missiles
 q - a throwing net
Armour
 d - a +2 pair of boots (worn)
 e - the +4 robe of Amelioration {rElec Str+4}
   (You found it on level 10 of the Dungeon)

   Str:       It affects your strength (+4).
   rElec:     It insulates you from electricity.
 g - a +0 pair of gloves of strength (worn)
 k - the +3 leather armour of Beogh, Ageing (worn) {Slay+2}
   (You found it on level 6 of the Dungeon)

   Slay:      It affects your accuracy & damage with ranged weapons and melee
   (+2).
 y - a +0 buckler (worn)
 Q - a +0 helmet (worn)
 S - a scarf of repulsion (worn)
Magical Staves
 s - a staff of death
 I - a staff of air
Jewellery
 o - a ring of positive energy
 x - a ring of wizardry (left hand)
 O - an amulet of magic regeneration (around neck)
 P - a ring of fire
Wands
 E - a wand of charming (20)
 K - a wand of mindburst (11)
 T - a wand of polymorph (3)
 V - a wand of flame (14)
Scrolls
 h - 12 scrolls of teleportation
 l - 4 scrolls of vulnerability
 m - 2 scrolls of immolation
 n - 2 scrolls of enchant armour {unknown}
 p - 5 scrolls of fear
 r - 4 scrolls of amnesia
 t - 2 scrolls of silence {unknown}
 w - 2 scrolls of brand weapon
 B - 3 scrolls of blinking
 C - 2 scrolls of poison {unknown}
 G - a scroll of acquirement {unknown}
 N - 2 scrolls of butterflies {unknown}
Potions
 b - 2 potions of magic
 i - 3 potions of haste
 j - 4 potions of flight
 u - 2 potions of heal wounds
 v - a potion of invisibility
 z - 4 potions of brilliance
 A - a potion of attraction
 D - 2 potions of ambrosia
 F - 2 potions of might
 H - a potion of experience
 J - 2 potions of mutation {unknown}
 L - 2 potions of lignification
 M - 2 potions of berserk rage {unknown}
 U - a potion of resistance {unknown}
 W - 2 potions of curing
Miscellaneous
 a - a condenser vane
 X - a phial of floods (inert)
 Z - a box of beasts


   Skills:
 + Level 8.8 Fighting
 - Level 4.6 Armour
 + Level 8.3 Dodging
 - Level 5.0 Stealth
 + Level 3.8 Shields
 + Level 8.3 Spellcasting
 - Level 3.7 Conjurations
 - Level 8.0 Fire Magic


You had 20 spell levels left.
You knew the following spells:

 Your Spells              Type           Power      Damage    Failure   Level
a - Foxfire               Conj/Fire      100%       2x1d9     1%          1
b - Scorch                Fire           88%        2d9       1%          2
c - Inner Flame           Hex/Fire       26%        N/A       2%          3

Your spell library contained the following spells:

 Spells                   Type           Power      Damage    Failure   Level
 Apportation              Tloc           18%        N/A       4%          1
 Kindle Blastsparks       Fire/Tloc/Air  42%        2d13      4%          3
 Flame Wave               Conj/Fire      35%        2d10      4%          4
 Sublimation of Blood     Necr           9%         N/A       8%          2
 Wereblood                Tmut           9%         N/A       8%          2
 Alistair's Intoxication  Tmut/Pois      6%         N/A       75%         5
 Conjure Ball Lightning   Conj/Air       8%         3x3d6     96%         6
 Ozocubu's Refrigeration  Ice            4%         4d8       100%        7
 Summon Hydra             Summ           4%         N/A       100%        7
 Discord                  Hex            4%         N/A       100%        8
 Disjunction              Tloc           4%         N/A       100%        8
 Polar Vortex             Ice            4%         N/A       100%        9


Dungeon Overview and Level Annotations

Branches:
Dungeon (11/15)            Temple (1/1) D:5            Lair (1/5) D:11
Ossuary (visited)          Bailey (visited)
    Orc: D:9-12

Altars:
Ashenzari
Cheibriados
Dithmenos
Fedhas
Gozag
Hepliaklqana
Kikubaaqudgha
Makhleb
Nemelex Xobeh
Okawaru
Qazlal
Ru
Sif Muna
Trog
Uskayaw
Vehumet
Xom
Yredelemnul

Shops:
D:1 *   D:6 *   D:7 ?   D:9 =[[[(

Annotations:
D:4 Sigmund
D:6 1 runed translucent door, Juicyj's ghost, novice MiFi
D:9 4 transporters


Innate Abilities, Weirdness & Mutations

You have hoof-like feet.
You have an unusually large brain. (Int +2)
A meltable shield of frost defends you. (SH +4)
Spells you cast may paralyse nearby enemies.


Message History

Malevolent energies surge around you.
The yak suddenly stops moving!
You block the komodo dragon's attack.
Unknown command.
The helpless yak fails to defend itself.
You hit the yak but do no damage.
The yak is almost dead.
You hit the komodo dragon. You freeze the komodo dragon.
The yak is no longer paralysed.
The komodo dragon bites you.
* * * LOW HITPOINT WARNING * * *
The yak gores you!
* * * LOW HITPOINT WARNING * * *
You feel much better. The komodo dragon misses you. The yak barely misses you.
Aiming: Mindburst
Press: ? - help, Q - select action, (/) - cycle Shift-Dir - straight line, f - yak
Aim: a yak (almost dead, more vulnerable to fire, chance to affect: 64%)
The yak's mind is blasted!!
You blow up the yak!
The komodo dragon is no longer more vulnerable to fire.
You block the komodo dragon's attack.
Unknown command.
Aiming: Mindburst
Press: ? - help, Q - select action, (/) - cycle Shift-Dir - straight line, f - komodo dragon
Aim: a komodo dragon (moderately wounded, chance to affect: 47%)
The komodo dragon's mind is blasted.
The komodo dragon bites you!
* * * LOW HITPOINT WARNING * * *
Casting: Scorch (safe; 1% risk of failure)
Confirm with . or Enter, or press ? or * to list all spells.
Flames lash the komodo dragon.
The komodo dragon is severely wounded.
The komodo dragon's fire resistance burns away.
Malevolent energies surge around you. You block the komodo dragon's attack.
Unknown command.
Casting: Scorch (safe; 1% risk of failure)
Confirm with . or Enter, or press ? or * to list all spells.
Flames lash the komodo dragon.
The komodo dragon is severely wounded.
Malevolent energies surge around you. The komodo dragon bites you!!
You die...
Your body crumbles into a pile of gold.

......#....#.....................
......#...#.....$................
......#..#....#..~........B......
.................................
........#...#.#.$.#.#............
.......#.....##..###.............
......#..$..##....###....#.......
.<.........$.......#.............
..........$.....@.....#..........
......##.$#..#...l.#..#..........
.#....#.....###...###....#.......
......#......#.#.## .....~.......
.#......#...#.#...# #...~........
................... .............
..#..(...#....#...# ...~.........
..#...#####........ ..###########
..#........#....... .


You could see a komodo dragon (combustible).

Vanquished Creatures
  Pikel (D:7)
  An orc knight (Bailey)
  2 manticores (D:7)
  2 cyclopes
  Maurice (D:8)
  Maggie (D:9)
  A rime drake (D:11)
  An unseen horror (D:7)
  A komodo dragon (D:11)
  5 trolls
  A hornet (D:9)
  A polar bear (D:11)
  Grinder (D:6)
  A slime creature (D:7)
  Eustachio (D:6)
  2 wyverns
  13 yaks
  A vampire (D:7)
  A steam dragon (D:8)
  2 acid dragons
  3 water moccasins
  3 sky beasts
  8 ice beasts
  11 orc warriors
  2 ogres
  A wolf (D:11)
  5 centaurs
  3 phantoms
  A lemure (D:7)
  2 kobold brigands
  4 bullfrogs
  A gnoll sergeant (D:11)
  3 necrophages
  3 scorpions
  8 wights
  3 killer bees (D:9)
  2 electric eels (D:6)
  8 howler monkeys
  5 jellies
  3 orc priests
  2 hounds
  Crazy Yiuf (D:7)
  2 gnoll boudas
  4 iguanas
  10 orc wizards
  12 mummies (Ossuary)
  24 gnolls
  7 adders
  A shadow imp (D:7)
  2 ufetubi
  3 worms
  12 dart slugs
  45 orcs
  9 endoplasms
  3 giant cockroaches
  17 goblins
  16 hobgoblins
  2 jackals (D:5)
  3 quokkas
  2 ball pythons
  4 bats
  2 frilled lizards
  2 gnoll skeletons (Ossuary)
  3 goblin skeletons (Ossuary)
  20 kobolds
  2 kobold skeletons (Ossuary)
  An orc skeleton (Ossuary)
  5 rats
  11 rat skeletons (Ossuary)
  A spectral kobold (D:8)
347 creatures vanquished.

Vanquished Creatures (others)
  A quokka (D:3)
  941 foxfires
  2 fungi (D:7)
944 creatures vanquished.

Grand Total: 1291 creatures vanquished

Notes
Turn   | Place    | Note
-------+----------+-------------------------------------------
     0 | D:1      | AigisTheKnight the Demonspawn Fire Elementalist began the
                  | quest for the Orb.
     0 | D:1      | Reached XP level 1. HP: 13/13 MP: 3/3
   272 | D:1      | Gained mutation: A meltable shield of frost defends you.
                  | (SH +4) [demonic ancestry]
   272 | D:1      | Reached XP level 2. HP: 20/20 MP: 5/5
   618 | D:1      | Found Keuqel's General Store.
   926 | D:2      | Reached skill level 1 in Fighting
   926 | D:2      | Gained mutation: Spells you cast may paralyse adjacent
                  | enemies. [demonic ancestry]
   926 | D:2      | Reached XP level 3. HP: 26/26 MP: 3/6
  1605 | D:2      | Learned a level 2 spell: Scorch
  1647 | D:2      | Gained mutation: You have large cloven feet. [demonic
                  | ancestry]
  1647 | D:2      | Reached XP level 4. HP: 32/32 MP: 3/7
  2239 | D:3      | Found a faded altar of an unknown god.
  2326 | D:4      | Reached XP level 5. HP: 38/38 MP: 5/9
  2546 | D:5      | Entered Level 5 of the Dungeon
  2760 | D:4      | Gained mutation: You have hoof-like feet. [demonic
                  | ancestry]
  2760 | D:4      | Reached XP level 6. HP: 27/45 MP: 3/10
  3441 | D:4      | Gained mutation: You have an unusually large brain. (Int
                  | +2) [demonic ancestry]
  3441 | D:4      | Reached XP level 7. HP: 52/52 MP: 2/12
  3663 | D:4      | Noticed Sigmund
  3907 | D:1      | Bought a +2 pair of boots for 165 gold pieces
  5155 | D:5      | Reached XP level 8. HP: 46/60 MP: 2/14
  5505 | D:5      | Found a staircase to the Ecumenical Temple.
  5548 | Temple   | Entered the Ecumenical Temple
  5600 | Temple   | Became a worshipper of Gozag Ym Sagoz the Greedy
  6010 | D:6      | HP: 2/60 [electric eel/bolt of electricity (10)]
  6058 | D:6      | Identified the +3 leather armour of Beogh, Ageing {Slay+2}
  6108 | D:6      | Found an ancient bone altar of Kikubaaqudgha.
  6148 | D:6      | Found Nigott's General Store.
  6160 | D:6      | Noticed Grinder
  6160 | D:6      | Paralysed by Grinder for 4 turns
  6174 | D:6      | Killed Grinder
  6175 | D:6      | Reached skill level 1 in Armour
  6175 | D:6      | Reached skill level 5 in Fire Magic
  6190 | D:6      | Found a blossoming altar of Fedhas.
  6233 | D:6      | Found a runed translucent door.
  6233 | D:6      | Noticed Juicyj's ghost (novice MiFi)
  6310 | D:6      | Found a sand-covered staircase.
  6319 | Ossuary  | Entered an ossuary
  6473 | Ossuary  | Learned a level 3 spell: Inner Flame
  6510 | Ossuary  | Reached skill level 5 in Spellcasting
  7028 | D:6      | Noticed Eustachio
  7050 | D:6      | Reached skill level 5 in Fighting
  7050 | D:6      | Reached skill level 5 in Dodging
  7061 | D:6      | Reached XP level 9. HP: 64/68 MP: 10/16
  7971 | D:6      | Killed Eustachio
  8162 | D:6      | Bought a +0 pair of gloves of strength for 126 gold pieces
  8373 | D:7      | Found a flagged portal.
  8385 | D:7      | Noticed Pikel
  8426 | D:7      | Killed Pikel
  8504 | Bailey   | Entered a bailey
  8762 | Bailey   | Noticed an orc knight
  8959 | Bailey   | Killed an orc knight
  8960 | Bailey   | Gained mutation: Spells you cast may paralyse nearby
                  | enemies. [demonic ancestry]
  8960 | Bailey   | Reached XP level 10. HP: 35/77 MP: 14/19
  9537 | Bailey   | Noticed an orc warlord
  9968 | D:7      | Found Colot's Magic Scroll Boutique.
 10141 | D:7      | Bought a scroll of blinking for 97 gold pieces
 10141 | D:7      | Bought a scroll of noise for 13 gold pieces
 10853 | D:7      | Noticed a white ugly thing
 11117 | D:7      | Noticed a manticore
 11316 | D:8      | Reached skill level 5 in Stealth
 11472 | D:8      | Noticed Maurice
 11487 | D:8      | Killed Maurice
 12138 | D:8      | Found a hazy altar of Hepliaklqana.
 12707 | D:9      | Reached XP level 11. HP: 81/84 MP: 11/21
 12905 | D:9      | Found Borat's Antique Armour Shoppe.
 12908 | D:9      | Bought a buckler for 121 gold pieces
 12993 | D:9      | Found Rodeckoe's Jewellery Shop.
 13001 | D:9      | Bought an amulet of magic regeneration for 330 gold pieces
 13017 | D:9      | Found a transporter.
 13032 | D:9      | Found a transporter.
 13034 | D:9      | Found a transporter.
 13038 | D:9      | Found a transporter.
 13156 | D:9      | Found Owo Wipn's Armour Emporium.
 13162 | D:9      | Bought a +0 helmet for 67 gold pieces
 13176 | D:9      | Found Diwy's Weapon Emporium.
 13184 | D:9      | Bought a +2 broad axe of freezing for 268 gold pieces
 13204 | D:9      | Found a shimmering altar of Xom.
 13206 | D:9      | Found a burning altar of Makhleb.
 13207 | D:9      | Noticed Maggie
 13224 | D:9      | Killed Maggie
 13317 | D:9      | Found a bloodstained altar of Trog.
 13367 | D:9      | Found Hyokorr's Armour Shop.
 13377 | D:9      | Bought a scarf of repulsion for 156 gold pieces
 13929 | D:10     | Entered Level 10 of the Dungeon
 14094 | D:7      | Reached skill level 1 in Shields
 14292 | D:7      | Identified the +10 rapier of Peco {spect, *Slow rN+++ Will-
                  | rCorr}
 14393 | D:7      | Identified the +7 long sword of Sul Ughu {antimagic, rF+
                  | Int+3 SInv}
 14648 | D:7      | Found a runed translucent door.
 14649 | D:7      | Noticed Crazy Yiuf
 14707 | D:7      | Killed Crazy Yiuf
 15078 | D:10     | Identified the +4 robe of Amelioration {rElec Str+4}
 15185 | D:10     | Got the Almanac of Congelation
 15237 | D:10     | Found a broken altar of Ashenzari.
 15342 | D:10     | Identified the +3 battleaxe of the Sky {pain, Will++ Str+4}
 15740 | D:11     | Found a staircase to the Lair.
 15987 | D:11     | Noticed a boulder beetle
 16666 | Lair:1   | Entered Level 1 of the Lair of Beasts
 16715 | D:11     | Slain by a komodo dragon

Illustrated notes

Levels and vault maps discovered:
D:1:      dpeg_arrival_rooms_c, layout_loops_cross, serial_shops,
          nicolae_square_shop
D:2:      kennysheep_six_static_rooms, layout_loops_ring
D:3:      layout_basic, elyvilon_altar_4, hellmonk_ecumenical_altar_blasted,
          nicolae_figureground_sparkle
D:4:      layout_loops_cross, kennysheep_little_box, uniq_sigmund
D:5:      layout_cave_pools, temple_doors_e
D:6:      kennysheep_slugbush, layout_basic, overflow_temple_1_default,
          lemuel_round_altar, general_overflow_altar,
          hellmonk_ghost_happy_afterlife, serial_shops, shop, enter_ossuary_1,
          minmay_misc_feat_roman, glass_columns_a, uniq_eustachio, uniq_grinder
D:7:      minmay_the_grid_triangle_9x9_recursive_2
          [minmay_the_grid_triangle_9x9_prize_center,
          minmay_the_grid_triangle_9x9_dagger,
          minmay_the_grid_triangle_9x9_corrupted_corridor,
          minmay_the_grid_triangle_9x9_wacky_v], layout_loops_ring,
          serial_shops, nicolae_shop_temple_entry_statues_fountains,
          enter_bailey_2, uniq_pikel, uniq_crazy_yiuf_cottage
D:8:      layout_basic, nicolae_hepliaklqana_monster_ancestors, uniq_maurice
D:9:      layout_grid_maze, gammafunk_temple_overflow_forgotten, serial_shops,
          shop, nicolae_shop_behind_doors, nicolae_lakefront_shop, shop,
          nicolae_shop_stone, nicolae_transporter_circle, uniq_maggie
D:10:     layout_basic, evilmike_ruin_ashenzari
D:11:     layout_grid_maze, hellmonk_lair_entry_icy, david_orc_4,
          gauntlet_entry_generic, glass_columns_a
Temple:   minmay_temple_bridge_abc
Lair:1:   layout_small_grid

Skill      XL: |  1  2  3  4  5  6  7  8  9 10 11 |
---------------+----------------------------------+-----
Dodging        | 2 3 4 5 6 7 8 |  8.3
Fighting       | 1 2 3 5 6 7 8 |  8.8
Fire Magic     | 3 4 5 6 7 8 |  8.0
Conjurations   | 2 3 |  3.7
Spellcasting   | 3 4 5 6 7 8 |  8.3
Armour         | 2 3 4 |  4.6
Stealth        | 2 4 5 |  5.0
Shields        | 3 |  3.8

Action                   |  1- 3 |  4- 6 |  7- 9 | 10-12 || total
-------------------------+-------+-------+-------+-------++-------
Melee: Dagger            |    42 |    50 |    34 |       ||   126
       Whip              |     5 |       |       |       ||     5
       Kick              |       |    23 |     7 |       ||    30
       Halberd           |       |       |   146 |    59 ||   205
       Punch             |       |       |     2 |       ||     2
       Broad axe         |       |       |       |    48 ||    48
 Cast: Foxfire           |    51 |    53 |   188 |   299 ||   591
       Scorch            |       |    19 |    95 |   173 ||   287
       Inner Flame       |       |       |     2 |     9 ||    11
Evoke: Wand              |       |       |       |     2 ||     2
       Phial of floods   |       |       |       |     1 ||     1
  Use: Potion            |       |     1 |     4 |     2 ||     7
       Scroll            |       |       |    14 |     6 ||    20
 Stab: Sleeping          |     8 |     1 |     6 |     1 ||    16
       Paralysed         |     1 |     6 |    20 |    38 ||    65
Armor: Robe              |     5 |     5 |    13 |       ||    23
       Leather armour    |       |       |    25 |    27 ||    52
Dodge: Dodged            |    18 |    25 |   116 |    95 ||   254
       Repelled          |       |       |       |     1 ||     1
Block: Other             |     4 |     7 |    20 |    10 ||    41
       Buckler           |       |       |       |    39 ||    39

Table legend: (Time is in decaauts)
 A = Elapsed time spent in this place.
 B = Non-inter-level travel time spent in this place.
 C = Inter-level travel time spent in this place.
 D = Time resting spent in this place.
 E = Time spent auto-exploring this place.
 F = Levels seen in this place.
 G = Mean time per level.
                   A        B        C        D        E       F      G
               +--------+--------+--------+--------+--------+-----+--------+
         Total |  16870 |  15703 |   1167 |   3847 |   7625 |  15 | 1124.7 |
       Dungeon |  14510 |  13384 |   1126 |   2933 |   7159 |  11 | 1319.1 |
        Temple |    236 |    195 |     41 |      0 |    186 |   1 |  236.0 |
          Lair |     41 |     41 |      0 |      0 |      0 |   1 |   41.0 |
       Ossuary |    712 |    712 |      0 |    253 |    164 |   1 |  712.0 |
        Bailey |   1368 |   1368 |      0 |    661 |    116 |   1 | 1368.0 |
               +--------+--------+--------+--------+--------+-----+--------+

Top non-repeatable levels by time:
     D:7: 2433 daAuts
     D:6: 1789 daAuts
     D:9: 1565 daAuts
     D:2: 1447 daAuts
  Bailey: 1368 daAuts
     D:8: 1304 daAuts
     D:1: 1156 daAuts
     D:5: 1116 daAuts
     D:4: 1079 daAuts
    D:11: 1001 daAuts
     D:3: 918 daAuts
 Ossuary: 712 daAuts
    D:10: 696 daAuts
  Temple: 236 daAuts
  Lair:1: 41 daAuts
